 Dungeon Crawl Stone Soup version 0.27-a0-1590-g15f69828bf (webtiles) character file.

Game seed: 17755372506028920419

17735 robertstho the Thaumaturge (level 12, -1/91 HPs)
             Began as a Gnoll Fire Elementalist on July 16, 2021.
             Was a Priest of Sif Muna.
             Killed from afar by a rime drake (14 damage)
             ... with a flash freeze
             ... on level 3 of the Lair of Beasts on July 18, 2021.
             The game lasted 00:35:13 (15733 turns).

robertstho the Thaumaturge (GnFE)                  Turns: 15733, Time: 00:35:14

Health: -1/91      AC: 11    Str: 10    XL:     12   Next: 51%
Magic:  7/25       EV: 15    Int: 18    God:    Sif Muna [***...]
Gold:   474        SH:  0    Dex: 12    Spells: 2/29 levels left

rFire    . . .     SeeInvis +   I - +2 quarterstaff (spect)
rCold    . . .     Faith    .   (shield currently unavailable)
rNeg     . . .     Spirit   .   a - +2 robe
rPois    .         Reflect  .   C - +0 helmet
rElec    .         Harm     .   r - +1 cloak
rCorr    .         Rampage  .   (no gloves)
Will     .....                  x - +2 pair of boots
Stlth    ++++......             (no amulet)
HPRegen  0.25/turn              v - ring of see invisible
MPRegen  0.19/turn              (no ring)

@: very slightly contaminated
A: fangs 1, strong nose, distributed training
a: Renounce Religion, Channel Magic, Forget Spell


You were on level 3 of the Lair of Beasts.
You worshipped Sif Muna.
Sif Muna was most pleased with you.
You visited 3 branches of the dungeon, and saw 12 of its levels.

You collected 669 gold pieces.
You spent 195 gold pieces at shops.

Inventory:

Hand Weapons
 o - the +3 flail of Sinuhel {vorpal, rPois rN+}
   (You found it on level 4 of the Dungeon)

   It inflicts extra damage upon your enemies.
   rPois:     It protects you from poison.
   rN:        It protects you from negative energy.
 w - the +3 dagger "Demonbane" {drain, *Slow rElec rCorr Str-3}
   (You found it on level 6 of the Dungeon)

   A truly terrible weapon, it drains the life of any living foe it strikes.
   Str:       It affects your strength (-3).
   rElec:     It insulates you from electricity.
   rCorr:     It protects you from acid and corrosion.
   *Slow:     It may slow you when you take damage.
 I - a +2 spectral quarterstaff (weapon)
 M - a +4 scimitar of flaming
Armour
 a - a +2 robe (worn)
 b - a +1 ring mail of fire resistance
 r - a +1 cloak (worn)
 x - a +2 pair of boots (worn)
 C - a +0 helmet (worn)
 F - a +0 leather armour of fire resistance
Jewellery
 v - a ring of see invisible (left hand)
Wands
 g - a wand of iceblast (2)
 p - a wand of paralysis (11)
 B - a wand of acid (6)
 G - a wand of flame (10)
Scrolls
 c - 2 scrolls of blinking {unknown}
 d - 4 scrolls of immolation {unknown}
 f - 2 scrolls of brand weapon
 i - a scroll of vulnerability
 k - 2 scrolls of fog
 l - 2 scrolls of torment {unknown}
 m - a scroll of enchant armour
 s - 7 scrolls of teleportation
 y - a scroll of fear {unknown}
 E - a scroll of summoning
 K - a scroll of holy word {unknown}
Potions
 e - a potion of might {unknown}
 h - 3 potions of mutation {unknown}
 j - 2 potions of curing
 n - 3 potions of lignification {unknown}
 t - a potion of attraction {unknown}
 u - 3 potions of haste {unknown}
 z - a potion of heal wounds {unknown}
 A - a potion of berserk rage {unknown}
 D - a potion of resistance {unknown}
 H - 2 potions of degeneration {unknown}
Miscellaneous
 J - a box of beasts


   Skills:
 + Level 7.3 Fighting
 + Level 7.3 Short Blades
 + Level 7.3 Long Blades
 + Level 7.3 Axes
 + Level 7.3 Maces & Flails
 + Level 7.3 Polearms
 + Level 7.3 Staves
 + Level 7.3 Slings
 + Level 7.3 Bows
 + Level 7.3 Crossbows
 + Level 7.3 Throwing
 + Level 7.3 Armour
 + Level 8.7 Dodging
 + Level 8.5 Stealth
 + Level 7.3 Shields
 + Level 7.3 Unarmed Combat
 + Level 9.0 Spellcasting
 + Level 6.5 Conjurations
 + Level 6.1 Hexes
 + Level 6.1 Summonings
 + Level 6.1 Necromancy
 + Level 6.1 Translocations
 + Level 6.1 Transmutations
 + Level 8.3 Fire Magic
 + Level 6.1 Ice Magic
 + Level 6.1 Air Magic
 + Level 6.1 Earth Magic
 + Level 6.1 Poison Magic
 + Level 8.1 Invocations
 + Level 7.3 Evocations


You had 2 spell levels left.
You knew the following spells:

 Your Spells              Type           Power      Damage    Failure   Level
a - Foxfire               Conj/Fire      100%       2x1d9     1%          1
b - Conjure Flame         Conj/Fire      34%        6-21      1%          3
c - Sticky Flame          Conj/Fire      34%        2d5       4%          4
d - Fireball              Conj/Fire      17%        3d9       12%         5
e - Frozen Ramparts       Ice            60%        1d8       2%          3
f - Summon Guardian Gole  Hex/Summ       30%        N/A       2%          3
g - Summon Ice Beast      Ice/Summ       30%        N/A       7%          4
h - Summon Lightning Spi  Summ/Air       30%        N/A       7%          4

Your spell library contained the following spells:

 Spells                   Type           Power      Damage    Failure   Level
 Sandblast                Erth           60%        2d14      1%          1
 Shock                    Conj/Air       100%       1d9       1%          1
 Passwall                 Tmut/Erth      25%        N/A       1%          2
 Inner Flame              Hex/Fire       34%        N/A       1%          3
 Swiftness                Air            30%        N/A       2%          3
 Airstrike                Air            15%        N/A       7%          4
 Animate Dead             Necr           15%        N/A       7%          4
 Ice Form                 Ice/Tmut       30%        N/A       7%          4
 Borgnjor's Vile Clutch   Necr/Erth      15%        N/A       21%         5
 Lee's Rapid Deconstruct  Erth           15%        3d11*     21%         5
 Starburst                Conj/Fire      17%        8x6d6     54%         6
 Death Channel            Necr           15%        N/A       73%         6
 Invisibility             Hex            15%        N/A       73%         6
 Orb of Destruction       Conj           15%        9d7       99%         7
 Spellforged Servitor     Conj/Summ      15%        N/A       99%         7
 Ignition                 Fire           19%        3d7       100%        8


Dungeon Overview and Level Annotations

Branches:
Dungeon (8/15)             Temple (1/1) D:5            Lair (3/6) D:8
 Shoals (0/4) Lair:3        Snake (0/4) Lair:3

Altars:
Ashenzari
Cheibriados
Dithmenos
Elyvilon
Fedhas
Gozag
Hepliaklqana
Kikubaaqudgha
Makhleb
Nemelex Xobeh
Okawaru
Qazlal
Ru
Sif Muna
Trog
Uskayaw
Vehumet
Xom
Yredelemnul
Zin
The Shining One

Shops:
D:2 [   D:6 [

Annotations:
D:3 2 transporters


Innate Abilities, Weirdness & Mutations

You have very sharp teeth.
Your uncanny sense of smell can sniff out nearby items.
Your experience applies equally to all skills.


Message History

The bolt of electricity hits the black bear.
The bolt of electricity hits the black bear!
The black bear dies!
Sif Muna accepts your kill.
A flash freeze appears from out of your range of vision.
The flash freeze hits your lightning spire.
Your lightning spire partially resists.
Your lightning spire is flash-frozen.
A rime drake comes into view.
You turn to flesh and can move again.
What are your orders? t - Bark!
Orders for allies: a - Attack new target. r - Retreat! s - Stop attacking. g - Guard the area. f - Follow me.
Anything else - Cancel.
Gang up on whom?
Press: ? - help, Dir - move target, f - rime drake
Aim: a rime drake (catching its breath, ally target) Attack!
Your lightning spire shoots out a bolt of lightning at the rime drake!
The bolt of electricity hits the rime drake!
Unknown command.
Your lightning spire is no longer encased in ice.
Unknown command.
Casting: Summon Ice Beast (dangerous; 7% risk of failure)
Confirm with . or Enter, or press ? or * to list all spells.
You miscast Summon Ice Beast.
You are very lightly contaminated with residual magic.
Nothing appears to happen.
The rime drake breathes ice at you. The flash freeze hits you!!
* * * LOW HITPOINT WARNING * * *
You are encased in ice.
You feel better.
Your ice beast hits the rime drake.
Your ice beast freezes the rime drake.
The rime drake resists.
Found a scroll of identify.
The ice encasing you melts away. The rime drake breathes ice at you.
The flash freeze hits you!
You die...

,,,,,,,,,,,,*,,,,,,*,,,,,,,,,,**
,,,,,,,,,..............,,,,,,,,*
,,**#...*.............,,,,,,,,**
,,,#....##...........,,,,,,,,,**
,,*#.........#.....$.,,#,,,,,,,*
**,.................*,..**,,,,**
,,,,#........#....##*...*,,,,,*
,,***#......Yk$....#...#*,,,,,*
.,*###..........@.......,,,,,,*
..##.#..#P..†.PP..#...?.,,,,,**
........##...8.†..#**.P#,,,,,*
..........####.#### *,*#**,*,**
$........##≈P≈..♣≈***,,* *,,,,*
.#.###..##≈♣.≈.P≈≈≈*,,,***,*,**
..*##...##♣.♣♣.♣♣PP*,,,*,,,,,*
..##.P...#♣.♣...*.P#,,,,,,,,,**
..$...........>.,,..,,,,,,,,,,*


You could see a rime drake (catching breath, ally target), a friendly ice beast
(summoned) and a friendly lightning spire (summoned).

Vanquished Creatures
  2 hydras (Lair:1)
  A death yak (D:8)
  2 oklob plants (Lair:1)
  2 black mambas (Lair:1)
  4 elephants
  8 cane toads
  Joseph (Lair:1)
  4 komodo dragons
  A rime drake (Lair:1)
  5 blink frogs (Lair:1)
  A dream sheep (Lair:2)
  8 yaks
  A wraith (D:8)
  A basilisk (Lair:3)
  2 wyverns
  10 water moccasins
  A black bear (D:8)
  3 orc warriors
  A necrophage (D:5)
  3 ice beasts
  2 ogres
  3 wolves (Lair:2)
  A centaur (D:7)
  A gnoll sergeant (D:4)
  6 bullfrogs
  A nameless horror (Lair:3)
  A water moccasin zombie (D:3)
  A wyvern skeleton (D:6)
  A water moccasin skeleton (D:4)
  5 killer bees (D:8)
  10 wights
  An electric eel (Lair:2)
  4 jellies
  5 orc priests
  2 centaur skeletons
  2 hounds
  2 bullfrog skeletons
  2 gnoll shamans
  2 hell rats (D:8)
  8 orc wizards
  4 iguanas
  A hound skeleton (D:4)
  2 adders
  6 gnolls
  A shadow imp (D:6)
  2 white imps
  An ufetubus (D:6)
  3 dart slugs
  33 orcs
  8 endoplasms
  5 giant cockroaches
  3 goblins
  7 hobgoblins
  4 jackals (D:4)
  8 kobolds
  5 quokkas
  7 ball pythons
  5 bats
  3 frilled lizards
  7 rats
236 creatures vanquished.

Vanquished Creatures (collateral kills)
  A hydra (Lair:2)
  Erica (Lair:2)
  An elephant (Lair:2)
  3 dream sheep (Lair:2)
  7 yaks
  A water moccasin (Lair:2)
  A black bear (Lair:3)
  2 bullfrogs
  5 foxfires
22 creatures vanquished.

Vanquished Creatures (others)
  1024 foxfires
  12 fungi
  44 plants
1080 creatures vanquished.

Grand Total: 1338 creatures vanquished

Notes
Turn   | Place    | Note
-------+----------+-------------------------------------------
     0 | D:1      | robertstho the Gnoll Fire Elementalist began the quest for
                  | the Orb.
     0 | D:1      | Reached XP level 1. HP: 13/13 MP: 6/6
   270 | D:1      | Reached XP level 2. HP: 19/19 MP: 0/7
  1277 | D:1      | Found a faded altar of an unknown god.
  1372 | D:2      | Found Cotwad's Antique Armour Shop.
  1537 | D:2      | Reached XP level 3. HP: 25/25 MP: 6/9
  1699 | D:2      | Reached skill level 5 in Spellcasting
  1750 | D:2      | Reached skill level 1 in Invocations
  1892 | D:2      | Found a stormy altar of Qazlal.
  2470 | D:3      | Reached skill level 1 in Fighting
  2470 | D:3      | Reached skill level 1 in Short Blades
  2470 | D:3      | Reached skill level 1 in Long Blades
  2470 | D:3      | Reached skill level 1 in Axes
  2470 | D:3      | Reached skill level 1 in Maces & Flails
  2470 | D:3      | Reached skill level 1 in Polearms
  2470 | D:3      | Reached skill level 1 in Staves
  2470 | D:3      | Reached skill level 1 in Slings
  2470 | D:3      | Reached skill level 1 in Bows
  2470 | D:3      | Reached skill level 1 in Crossbows
  2470 | D:3      | Reached skill level 1 in Throwing
  2470 | D:3      | Reached skill level 1 in Armour
  2470 | D:3      | Reached skill level 1 in Shields
  2470 | D:3      | Reached skill level 1 in Unarmed Combat
  2470 | D:3      | Reached skill level 1 in Evocations
  2773 | D:3      | Reached XP level 4. HP: 29/32 MP: 7/11
  3199 | D:3      | Found a transporter.
  3227 | D:3      | Reached skill level 1 in Hexes
  3227 | D:3      | Reached skill level 1 in Summonings
  3227 | D:3      | Reached skill level 1 in Necromancy
  3227 | D:3      | Reached skill level 1 in Translocations
  3227 | D:3      | Reached skill level 1 in Transmutations
  3227 | D:3      | Reached skill level 1 in Ice Magic
  3227 | D:3      | Reached skill level 1 in Air Magic
  3227 | D:3      | Reached skill level 1 in Earth Magic
  3227 | D:3      | Reached skill level 1 in Poison Magic
  3227 | D:3      | Reached XP level 5. HP: 36/37 MP: 5/12
  3325 | D:3      | Found a transporter.
  3473 | D:4      | Found a bloodstained altar of Trog.
  3579 | D:4      | Found a basalt altar of Yredelemnul.
  3602 | D:4      | Reached XP level 6. HP: 44/44 MP: 1/13
  3720 | D:4      | Identified the +3 flail of Sinuhel {vorpal, rPois rN+}
  3749 | D:4      | Learned a level 3 spell: Conjure Flame
  3754 | D:4      | Learned a level 4 spell: Sticky Flame
  3760 | D:4      | Learned a level 5 spell: Fireball
  3806 | D:4      | Upgraded the game from 0.27-a0-1565-gad902ab807 to
                  | 0.27-a0-1579-g97d2440184
  3810 | D:4      | Reached skill level 5 in Dodging
  4054 | D:4      | Noticed an air elemental
  4096 | D:4      | Found a stormy altar of Qazlal.
  4098 | D:4      | Noticed a fire elemental
  4098 | D:4      | Noticed a water elemental
  4210 | D:4      | Reached XP level 7. HP: 36/50 MP: 1/15
  4655 | D:5      | Entered Level 5 of the Dungeon
  5249 | D:5      | Reached skill level 5 in Stealth
  5255 | D:5      | Found a staircase to the Ecumenical Temple.
  5264 | Temple   | Entered the Ecumenical Temple
  5645 | D:5      | Found a hazy altar of Hepliaklqana.
  5648 | D:5      | Found an ancient bone altar of Kikubaaqudgha.
  5651 | D:5      | Found a shadowy altar of Dithmenos.
  5654 | D:5      | Found a shimmering blue altar of Sif Muna.
  5658 | D:5      | Became a worshipper of Sif Muna the Loreminder
  5719 | D:5      | Identified the +9 short sword of the Swamp {vorpal,
                  | *Corrode rElec rC+++ Int+2}
  6098 | D:6      | Found Umiawni's Antique Armour Emporium.
  6111 | D:6      | Identified the +3 dagger "Demonbane" {drain, *Slow rElec
                  | rCorr Str-3}
  6132 | D:6      | Bought a pair of runed boots for 195 gold pieces
  6209 | D:6      | Reached XP level 8. HP: 57/57 MP: 11/16
  6747 | D:6      | Reached skill level 6 in Spellcasting
  6816 | D:6      | Got the Almanac of Heat and Companions
  7815 | D:7      | Reached XP level 9. HP: 46/65 MP: 9/18
  8051 | D:7      | Reached * piety under Sif Muna
  9231 | D:8      | Reached skill level 5 in Invocations
  9532 | D:8      | Noticed a death yak
  9533 | D:8      | Noticed a death yak
  9573 | D:7      | Learned a level 3 spell: Frozen Ramparts
  9577 | D:7      | Learned a level 3 spell: Summon Guardian Golem
  9836 | D:8      | Noticed a death yak
  9859 | D:8      | Killed a death yak
  9860 | D:8      | Reached skill level 7 in Spellcasting
  9860 | D:8      | Reached XP level 10. HP: 42/73 MP: 5/20
  9894 | D:7      | Learned a level 4 spell: Summon Ice Beast
  9896 | D:8      | Upgraded the game from 0.27-a0-1579-g97d2440184 to
                  | 0.27-a0-1590-g15f69828bf
 10048 | D:8      | Reached skill level 5 in Fighting
 10048 | D:8      | Reached skill level 5 in Short Blades
 10048 | D:8      | Reached skill level 5 in Long Blades
 10048 | D:8      | Reached skill level 5 in Axes
 10048 | D:8      | Reached skill level 5 in Maces & Flails
 10048 | D:8      | Reached skill level 5 in Polearms
 10048 | D:8      | Reached skill level 5 in Staves
 10048 | D:8      | Reached skill level 5 in Slings
 10048 | D:8      | Reached skill level 5 in Bows
 10048 | D:8      | Reached skill level 5 in Crossbows
 10048 | D:8      | Reached skill level 5 in Throwing
 10048 | D:8      | Reached skill level 5 in Armour
 10048 | D:8      | Reached skill level 5 in Shields
 10048 | D:8      | Reached skill level 5 in Unarmed Combat
 10048 | D:8      | Reached skill level 5 in Evocations
 10236 | D:8      | Found a sparkling altar of Nemelex Xobeh.
 10237 | D:8      | Found a burning altar of Makhleb.
 10237 | D:8      | Found an iron altar of Okawaru.
 10525 | D:8      | Reached ** piety under Sif Muna
 11018 | D:8      | Found a staircase to the Lair.
 11329 | Lair:1   | Entered Level 1 of the Lair of Beasts
 11446 | Lair:1   | Noticed a cane toad
 11455 | Lair:1   | Killed a cane toad
 11456 | Lair:1   | Reached skill level 5 in Conjurations
 11528 | Lair:1   | Noticed an oklob plant
 11528 | Lair:1   | Noticed an oklob plant
 11541 | Lair:1   | Killed an oklob plant
 11542 | Lair:1   | Killed an oklob plant
 11757 | Lair:1   | Noticed a cane toad
 11769 | Lair:1   | Killed a cane toad
 11902 | Lair:1   | Noticed a six-headed hydra
 11916 | Lair:1   | Killed a six-headed hydra
 11917 | Lair:1   | Reached XP level 11. HP: 58/81 MP: 4/22
 12174 | Lair:1   | Noticed Joseph
 12187 | Lair:1   | Killed Joseph
 12188 | Lair:1   | Reached skill level 5 in Hexes
 12188 | Lair:1   | Reached skill level 5 in Summonings
 12188 | Lair:1   | Reached skill level 5 in Necromancy
 12188 | Lair:1   | Reached skill level 5 in Translocations
 12188 | Lair:1   | Reached skill level 5 in Transmutations
 12188 | Lair:1   | Reached skill level 5 in Ice Magic
 12188 | Lair:1   | Reached skill level 5 in Air Magic
 12188 | Lair:1   | Reached skill level 5 in Earth Magic
 12188 | Lair:1   | Reached skill level 5 in Poison Magic
 12200 | Lair:1   | Reached skill level 8 in Spellcasting
 12901 | Lair:1   | Noticed a four-headed hydra
 12918 | Lair:1   | Killed a four-headed hydra
 14112 | Lair:2   | Reached XP level 12. HP: 72/89 MP: 9/24
 14117 | Lair:2   | Learned a level 4 spell: Summon Lightning Spire
 14895 | Lair:2   | Noticed Erica
 14908 | Lair:2   | Killed Erica
 15137 | Lair:2   | Noticed a five-headed hydra
 15145 | Lair:2   | Killed a five-headed hydra
 15597 | Lair:3   | Reached *** piety under Sif Muna
 15599 | Lair:3   | Reached skill level 9 in Spellcasting
 15701 | Lair:3   | Found a staircase to the Snake Pit.
 15733 | Lair:3   | Killed from afar by a rime drake

Illustrated notes

Levels and vault maps discovered:
D:1:      enne_arrival_octagon_isle, layout_basic,
          shapermc_ecumenical_altar_hornbeckon
D:2:      layout_basic, serial_shops, shop, basic_altar
D:3:      layout_loops_ring, gammafunk_ghost_gnarly_gnolls, minmay_cupped
D:4:      layout_rooms, bloody_trog, nicolae_qazlal_style_of_elements,
          mainiacjoe_overflow_concentric_impassable, hangedman_feature_mirror,
          small_statue_intersection, kennysheep_generic_room_9
D:5:      layout_basic, grunt_temple_overflow_cloverleaf,
          minmay_temple_entry_overgrown, minmay_misc_feat_ornament
D:6:      layout_loops_cross, serial_shops, shop_coins
D:7:      layout_loops_ring, grunt_decor_arrowhead, serial_bayou_pond_a
D:8:      layout_basic, minitemple, dpeg_lair_monsters, grunt_decor_one_mirror
Temple:   minmay_temple_curvy_loop
Lair:1:   cheibrodos_lair_river_kwai, layout_cave_pods, serial_bayou_crossing,
          grunt_megastairs_3, minmay_lair_oklob_chamber, uniq_joseph
Lair:2:   layout_concentric_octagons, wad_woods_river_01, uniq_erica
Lair:3:   layout_gridlike, elwin_shoals_entry_rooms,
          guppyfry_snake_entry_garden, gauntlet_entry_generic, st_stairs_9,
          beast_lair_carwin_8

Skill      XL: |  1  2  3  4  5  6  7  8  9 10 11 12 |
---------------+-------------------------------------+-----
Conjurations   | 2 3 4 5 6 |  6.5
Spellcasting   | 5 6 7 8 9 |  9.0
Invocations    | 1 2 3 4 5 6 7 8 |  8.1
Fighting       | 1 2 3 4 5 6 7 |  7.3
Short Blades   | 1 2 3 4 5 6 7 |  7.3
Long Blades    | 1 2 3 4 5 6 7 |  7.3
Axes           | 1 2 3 4 5 6 7 |  7.3
Maces & Flails | 1 2 3 4 5 6 7 |  7.3
Polearms       | 1 2 3 4 5 6 7 |  7.3
Staves         | 1 2 3 4 5 6 7 |  7.3
Slings         | 1 2 3 4 5 6 7 |  7.3
Bows           | 1 2 3 4 5 6 7 |  7.3
Crossbows      | 1 2 3 4 5 6 7 |  7.3
Throwing       | 1 2 3 4 5 6 7 |  7.3
Armour         | 1 2 3 4 5 6 7 |  7.3
Shields        | 1 2 3 4 5 6 7 |  7.3
Unarmed Combat | 1 2 3 4 5 6 7 |  7.3
Evocations     | 1 2 3 4 5 6 7 |  7.3
Hexes          | 1 2 3 4 5 6 |  6.1
Summonings     | 1 2 3 4 5 6 |  6.1
Necromancy     | 1 2 3 4 5 6 |  6.1
Translocations | 1 2 3 4 5 6 |  6.1
Transmutations | 1 2 3 4 5 6 |  6.1
Ice Magic      | 1 2 3 4 5 6 |  6.1
Air Magic      | 1 2 3 4 5 6 |  6.1
Earth Magic    | 1 2 3 4 5 6 |  6.1
Poison Magic   | 1 2 3 4 5 6 |  6.1
Dodging        | 5 6 7 8 |  8.7
Stealth        | 5 6 7 8 |  8.5
Fire Magic     | 6 7 8 |  8.3

Action                   |  1- 3 |  4- 6 |  7- 9 | 10-12 || total
-------------------------+-------+-------+-------+-------++-------
Melee: Flail             |       |       |    86 |    64 ||   150
       Bite              |       |       |     6 |     7 ||    13
       Dagger            |       |       |       |    11 ||    11
       Punch             |       |       |       |     1 ||     1
       Quarterstaff      |       |       |       |     6 ||     6
       Scimitar          |       |       |       |     4 ||     4
 Cast: Foxfire           |   116 |    91 |   225 |   187 ||   619
       Sticky Flame      |       |       |    18 |    63 ||    81
       Fireball          |       |       |     3 |     5 ||     8
       Conjure Flame     |       |       |     1 |       ||     1
       Frozen Ramparts   |       |       |     1 |       ||     1
       Summon Lightning  |       |       |       |    14 ||    14
       Summon Ice Beast  |       |       |       |     6 ||     6
Invok: Channel Magic     |       |       |       |     4 ||     4
Evoke: Wand              |       |       |     5 |     4 ||     9
  Use: Scroll            |       |       |     7 |     3 ||    10
       Potion            |       |       |       |     2 ||     2
 Stab: Sleeping          |       |       |     3 |       ||     3
       Distracted        |       |       |       |     1 ||     1
Armor: Ring mail         |     6 |     6 |       |       ||    12
       Robe              |       |     4 |    62 |    14 ||    80
       Leather armour    |       |       |       |    55 ||    55
Dodge: Dodged            |     9 |     5 |   156 |   159 ||   329
       Rpst.: Scimitar   |       |       |       |     2 ||     2

Table legend: (Time is in decaauts)
 A = Elapsed time spent in this place.
 B = Non-inter-level travel time spent in this place.
 C = Inter-level travel time spent in this place.
 D = Time resting spent in this place.
 E = Time spent auto-exploring this place.
 F = Levels seen in this place.
 G = Mean time per level.
                   A        B        C        D        E       F      G
               +--------+--------+--------+--------+--------+-----+--------+
         Total |  15816 |  15245 |    571 |   1108 |  11963 |  12 | 1318.0 |
       Dungeon |  11074 |  10660 |    414 |    634 |   8497 |   8 | 1384.2 |
        Temple |    296 |    276 |     20 |      0 |    276 |   1 |  296.0 |
          Lair |   4444 |   4307 |    137 |    474 |   3190 |   3 | 1481.3 |
               +--------+--------+--------+--------+--------+-----+--------+

Top non-repeatable levels by time:
  Lair:1: 2342 daAuts
     D:8: 2312 daAuts
  Lair:2: 1935 daAuts
     D:6: 1712 daAuts
     D:1: 1370 daAuts
     D:7: 1247 daAuts
     D:4: 1181 daAuts
     D:5: 1146 daAuts
     D:3: 1083 daAuts
     D:2: 1020 daAuts
  Temple: 296 daAuts
  Lair:3: 166 daAuts
